Map: Кислотный завод РВ

Players

HOPERHAF - Winner!

  • Race: Zerg Zerg
  • League: Diamond
  • Spawn Location: 5:00

ИИ 2 (эксперт)

  • Race: Protoss Protoss
  • Spawn Location: 11:00

VOD

Have the link to the VOD?

Description

Time

  • Played on: June 1, 2018, 1:12 p.m.
  • Length: 6:56
Show
View Real Time Build Order
Export as new Build Order

HOPERHAF Zerg - Winner!

Build Orders: Hatch First 

Get SALT Encoding   

  12  0:01  Drone  
  13  0:12  Overlord  
  13  0:17  Drone  
  14  0:31  Drone x2  
  16  0:36  Drone  
  17  0:52  Hatchery  
  17  0:55  Drone  
  17  0:59  Drone  
  18  1:12  Spawning Pool  
  18  1:13  Extractor  
  18  1:15  Drone  
  17  1:19  Drone  
  18  1:29  Drone  
  19  1:40  Drone  
  20  1:55  Overlord  
  20  1:59  Queen  
  22  2:07  Drone, Queen  
  22  2:08  Drone  
  26  2:13  Drone  
  26  2:15  Metabolic Boost  
  27  2:17  Drone  
  27  2:21  Drone  
  29  2:25  Drone  
  30  2:33  Overlord  
  30  2:39  Drone  
  31  2:45  Drone  
  31  2:47  Drone  
  33  2:51  Lair  
  33  2:54  Drone  
  34  3:03  Zergling x2  
  34  3:05  Zergling x2  
  36  3:12  Drone x3  
  39  3:13  Drone  
  39  3:16  Overlord  
  39  3:18  Drone x2  
  42  3:21  Roach Warren  
  41  3:32  Drone x2  
  41  3:33  Drone  
  41  3:34  Drone, Extractor x2  
  43  3:47  Spore Crawler  
  42  3:56  Spore Crawler  
  42  4:00  Overlord x2  
  43  4:03  Roach x5  
  43  4:05  Glial Reconstitution  
  43  4:07  Overlord  
  51  4:19  Roach  
  51  4:20  Roach  
  55  4:24  Roach x2  
  55  4:29  Roach x4  
  67  4:38  Roach x3  
  73  4:39  Overlord  
  73  4:54  Roach  
  73  4:56  Overlord  
  75  5:02  Roach x2  
  75  5:06  Overlord  
  75  5:07  Overlord x2  
  79  5:09  Ravager x2  
  79  5:13  Ravager  
  82  5:14  Zergling x2  
  82  5:15  Zergling x6  
  86  5:24  Zergling x4  
  79  5:36  Zergling x4  
  79  5:37  Zergling x12  
  77  5:46  Zergling x2  
  77  5:49  Ravager x2  
  80  5:51  Roach  
  81  6:06  Roach x2  
  81  6:08  Zergling x8  
  86  6:20  Zergling x8  
  87  6:35  Roach  
  87  6:36  Roach, Zergling x2  
Show
View Real Time Build Order
Export as new Build Order

ИИ 2 (эксперт) Protoss 

Build Orders: 1 Gate Expand 

Get SALT Encoding   

  12  0:00  Probe  
  13  0:13  Probe  
  14  0:20  Pylon  
  14  0:25  Probe  
  15  0:34  Probe  
  15  0:42  Probe  
  16  0:48  Assimilator  
  17  0:50  Gateway  
  17  0:51  Probe  
  18  0:59  Probe  
  18  1:01  Pylon  
  19  1:07  Probe  
  20  1:18  Probe  
  21  1:30  Probe  
  22  1:37  Nexus  
  22  1:42  Probe  
  22  1:44  Zealot  
  25  1:59  Cybernetics Core  
  25  2:08  Gateway  
  25  2:17  Pylon  
  25  2:18  Zealot  
  25  2:22  Probe  
  28  2:29  Warp Gate  
  28  2:34  Probe  
  28  2:35  Assimilator  
  29  2:37  Adept  
  29  2:46  Probe  
  29  2:49  Adept  
  32  2:52  Probe  
  35  3:03  Pylon, Probe  
  36  3:08  Adept  
  38  3:12  Sentry  
  40  3:21  Probe  
  40  3:23  Probe  
  42  3:31  Stalker  
  42  3:33  Probe  
  43  3:35  Probe  
  43  3:39  Robotics Facility  
  46  3:45  Probe  
  46  3:47  Probe  
  47  3:50  Adept  
  49  3:55  Adept  
  49  3:57  Probe  
  49  3:59  Probe  
  53  4:09  Probe  
  54  4:11  Pylon  
  54  4:12  Probe  
  55  4:21  Probe  
  55  4:24  Probe  
  57  4:28  Immortal  
  61  4:31  Stalker  
  61  4:33  Pylon, Probe  
  61  4:36  Probe  
  61  4:37  Stalker  
  67  4:45  Probe  
  67  4:48  Probe  
  67  4:51  Robotics Facility  
  69  4:53  Probe  
  69  4:54  Stalker  
  71  5:00  Probe  
  71  5:01  Probe  
  73  5:08  Immortal  
  73  5:11  Pylon  
  73  5:12  Pylon, Probe  
  78  5:25  Assimilator  
  78  5:26  Probe  
  78  5:27  Twilight Council  
  78  5:28  Zealot  
  77  5:29  Sentry  
  75  5:37  Assimilator  
  55  5:50  Zealot  
  53  5:59  Zealot  
  51  6:05  Probe  
  51  6:08  Adept  
  52  6:16  Dark Shrine  
  28  6:36  Zealot  
Tags
 
Add a new tag
Caveats
  • Supply blocks, unpowered buildings, or Contaminate may cause inaccurate times.
  • Supply counts are checked every 10 seconds.